 Dungeon Crawl Stone Soup version 0.27-a0-1513-g2aaa0cc67b (webtiles) character file.

Game seed: 5967217925742667938

76 Spaninq the Cudgeller (level 4, -2/38 HPs)
             Began as a Palentonga Berserker on July 9, 2021.
             Was a Believer of Trog.
             Slain by an iguana (11 damage)
             ... on level 3 of the Dungeon.
             The game lasted 00:06:54 (1697 turns).

Spaninq the Cudgeller (Palentonga Berserker)        Turns: 1697, Time: 00:06:55

Health: -2/38      AC:  5    Str: 20    XL:     4   Next: 12%
Magic:  4/4        EV:  9    Int:  8    God:    Trog [**....]
Gold:   80         SH:  0    Dex: 10    Spells: 3/3 levels left

rFire    . . .     SeeInvis +   g - +0 whip
rCold    . . .     Faith    .   (no shield)
rNeg     . . .     Spirit   .   b - +0 animal skin
rPois    .         Reflect  .   (no helmet)
rElec    .         Harm     .   (no cloak)
rCorr    .         Rampage  .   a - +0 pair of gloves
Will     .....                  (no barding)
Stlth    +.........             (no amulet)
HPRegen  0.12/turn              (no ring)
MPRegen  0.09/turn              (no ring)

@: no status effects
A: large, rugged brown scales 3, see invisible, deformed body, roll 1, armoured
tail
a: Rolling Charge, Renounce Religion, Berserk, Trog's Hand


You were on level 3 of the Dungeon.
You worshipped Trog.
Trog was pleased with you.
You visited 1 branch of the dungeon, and saw 3 of its levels.

You collected 80 gold pieces.

Inventory:

Hand Weapons
 g - a +0 whip (weapon)
Missiles
 c - a throwing net
Armour
 a - a +0 pair of gloves (worn)
 b - a +0 animal skin (worn)
Scrolls
 d - a scroll of blinking {unknown}
 h - 2 scrolls of enchant weapon {unknown}
 k - a scroll of enchant armour {unknown}
 l - a scroll of identify {unknown}
 m - a scroll of vulnerability {unknown}
 n - a scroll of silence {unknown}
Potions
 e - 2 potions of resistance {unknown}
 f - a potion of attraction {unknown}
 i - a potion of haste {unknown}
 j - a potion of brilliance {unknown}


   Skills:
 + Level 3.6 Fighting
 * Level 4.1 Maces & Flails
 + Level 2.2 Armour
 - Level 1.5 Dodging


You had 3 spell levels left.
You didn't know any spells.
Your spell library was empty.

Dungeon Overview and Level Annotations

Branches:
Dungeon (3/15)

Altars:

Shops:
D:1 =


Innate Abilities, Weirdness & Mutations

You are completely covered in rugged brown scales. (AC +3, +7% HP)
You have supernaturally acute eyesight. (SInv)
Armour fits poorly on your strangely shaped body.
You can roll at nearby foes to attack.
You have a long armoured tail.


Message History

You kill the kobold!
Trog accepts your kill.
An iguana comes into view.
A frilled lizard comes into view.
Roll where?
Press: ? - help, Dir - move target, f - iguana
Aim: an iguana (wandering, hasn't noticed you)
You roll forward with a clatter of scales!
You barely miss the iguana.
The frilled lizard hisses angrily.
You tail-slap the iguana.
The iguana is lightly wounded.
The iguana closely misses you.
You barely miss the iguana.
The iguana is lightly wounded.
The iguana barely misses you.
You hit the iguana. You tail-slap the iguana.
The iguana is heavily wounded.
You barely miss the iguana. You tail-slap the iguana.
The iguana is heavily wounded.
The iguana bites you. The frilled lizard bites you.
You barely miss the iguana. You tail-slap the iguana.
The iguana is almost dead.
The iguana barely misses you. The frilled lizard bites you.
You hit the iguana.
The iguana is almost dead.
The iguana bites you! The frilled lizard bites you.
You closely miss the iguana.
The iguana is almost dead.
The iguana bites you.
* * * LOW HITPOINT WARNING * * *
You closely miss the iguana.
The iguana is almost dead.
The frilled lizard bites you.
* * * LOW HITPOINT WARNING * * *
The iguana bites you but does no damage.
You hit the iguana.
The iguana is almost dead.
The frilled lizard closely misses you. The iguana bites you!
You die...

........#. ........
##......#
.#........# ..
..'........#...
..#..#.....#........
.....#.ll...........
.......@...#.#......
........(..+.#......
....^......#........
.....#)....#........
<....#....#.........
.....#....#.<.......
#....##.............
#..................#
..
#.....#.......#.##..


You could see an iguana and a frilled lizard.

Vanquished Creatures
  An adder (D:2)
  An adder skeleton (D:2)
  A dart slug (D:2)
  An orc (D:3)
  5 bats
  4 endoplasms
  4 giant cockroaches
  5 goblins
  6 hobgoblins
  6 jackals (D:1)
  4 quokkas
  3 ball pythons
  5 frilled lizards
  3 kobolds
  6 rats
55 creatures vanquished.

Vanquished Creatures (others)
  10 fungi (D:1)
  2 plants (D:1)
12 creatures vanquished.

Grand Total: 67 creatures vanquished

Notes
Turn   | Place    | Note
-------+----------+-------------------------------------------
     0 | D:1      | Spaninq the Palentonga Berserker began the quest for the
                  | Orb.
     0 | D:1      | Reached XP level 1. HP: 19/19 MP: 1/1
   157 | D:1      | Found Udutyfatt's Jewellery Shop.
   221 | D:1      | Reached XP level 2. HP: 25/25 MP: 2/2
   700 | D:1      | Found a faded altar of an unknown god.
   806 | D:1      | Reached XP level 3. HP: 31/31 MP: 3/3
  1121 | D:2      | Reached ** piety under Trog
  1280 | D:2      | Reached skill level 4 in Maces & Flails
  1616 | D:3      | Reached XP level 4. HP: 37/37 MP: 4/4
  1697 | D:3      | Slain by an iguana

Illustrated notes

Levels and vault maps discovered:
D:1:      eino_arrival_tree_alley, layout_basic,
          shapermc_ecumenical_altar_acropolis, serial_shops, nicolae_shop_trees
D:2:      layout_basic, feat_on_display
D:3:      layout_basic, mainiacjoe_overflow_catwalk

Skill      XL: |  1  2  3 |
---------------+----------+-----
Armour         | 2 |  2.2
Maces & Flails | 4 |  4.1
Fighting       | |  3.6
Dodging        | |  1.5

Action                   |  1- 3 |  4- 6 || total
-------------------------+-------+-------++-------
Melee: Mace              |    72 |       ||    72
       Tailslap          |    17 |     7 ||    24
       Whip              |    63 |    20 ||    83
 Abil: Rolling Charge    |    29 |     5 ||    34
Armor: Animal skin       |    43 |     7 ||    50
Dodge: Dodged            |    67 |     7 ||    74

Table legend: (Time is in decaauts)
 A = Elapsed time spent in this place.
 B = Non-inter-level travel time spent in this place.
 C = Inter-level travel time spent in this place.
 D = Time resting spent in this place.
 E = Time spent auto-exploring this place.
 F = Levels seen in this place.
 G = Mean time per level.
                   A        B        C        D        E       F      G
               +--------+--------+--------+--------+--------+-----+--------+
         Total |   1708 |   1658 |     50 |      0 |   1310 |   3 |  569.3 |
       Dungeon |   1708 |   1658 |     50 |      0 |   1310 |   3 |  569.3 |
               +--------+--------+--------+--------+--------+-----+--------+

Top non-repeatable levels by time:
     D:1: 1078 daAuts
     D:2: 541 daAuts
     D:3: 88 daAuts
